AoeStats
← QNa_NguaHoang

Arena

508647258Analyzed
4v4 RM · 8d ago on Sep 23, 2026· 18m 49s· 8 players
Game mode
Random Map
Map size
Large (8 player)
Population
200
Speed
Normal
Resources
Standard
Victory
Conquest
Starting age
Dark Age
Ending age
Imperial Age
RankedLock teamsTeams togetherTeam positionsShared explorationLock speedFull tech treeHidden civsTurbo modeCheats
Victory
Defeat
🇹🇼 Varangians · Taiwan
1247
+17
🇹🇼 Danes · Taiwan
1247
+17
🇹🇼 Persians · Taiwan
1247
+17
🇹🇼 Saxons · Taiwan
1243
+18
🇭🇰 Saxons · Hong Kong SAR China
1305
-18
🇻🇳 Magyars · Vietnam
1299
-18
🇦🇺 Danes · Australia
1269
-17
🇻🇪 Chinese · Venezuela
1246
-16
Todas Mienten
0:26 Loom
10:40 Feudal Age
14:30 Castle Age
12:51 Double-Bit Axe
13:17 Horse Collar
15:26 Bow Saw
15:19 Heavy Plow
Aker Starlight
9:52 Feudal Age
10:24 Double-Bit Axe
11:28 Loom
15:33 Castle Age
14:00 Horse Collar
14:37 Stone Mining
16:13 Wheelbarrow
16:37 Bow Saw
Dazooe
10:26 Feudal Age
14:46 Castle Age
12:56 Double-Bit Axe
14:00 Horse Collar
16:05 Bow Saw
17:51 Wheelbarrow
18:02 Loom
QNa_NguaHoang
2:51 Loom
11:53 Feudal Age
15:58 Castle Age
14:34 Double-Bit Axe
14:34 Horse Collar
ocek
10:49 Feudal Age
14:35 Castle Age
12:35 Double-Bit Axe
12:31 Horse Collar
8468547
10:48 Feudal Age
11:42 Double-Bit Axe
11:47 Horse Collar
14:41 Castle Age
15:41 Bow Saw
18:02 Wheelbarrow
17:43 Loom
19:04 Hand Cart
18:36 Loom
Lowawrd
10:35 Feudal Age
12:15 Double-Bit Axe
14:33 Castle Age
14:33 Horse Collar
15:57 Heavy Plow
16:07 Bow Saw
16:53 Bow Saw
鯊魚森氣氣
0:41 Loom
1:50 Loom
10:55 Feudal Age
11:22 Double-Bit Axe
14:18 Castle Age
12:14 Horse Collar
14:57 Bow Saw
Connection lost

Rejoining the realm…

Still unreachable

The connection could not be restored.

Session expired

The server has moved on; the page needs a fresh start.